 Dungeon Crawl Stone Soup version 0.16-a0-4023-g001212b (console) character file.

240 Monkaria the Slasher (level 5, -10/46 HPs)
             Began as a Minotaur Chaos Knight on Feb 18, 2015.
             Mangled by Prince Ribbit (15 damage)
             ... on level 4 of the Dungeon.
             The game lasted 00:05:55 (2390 turns).

Monkaria the Slasher (Minotaur Chaos Knight)        Turns: 2390, Time: 00:05:55

Health: -10/46     AC:  5    Str: 17    XL:     5   Next: 79%
Magic:  2/2        EV: 11    Int: 12    God:    Xom [......]
Gold:   155        SH:  0    Dex: 10    Spells: 0 memorised, 4 levels left

rFire  . . .     SeeInvis .     a - +0 falchion (chaos)
rCold  . . .     Clarity  .     b - +2 leather armour
rNeg   . . .     SustAb   .     (no shield)
rPois  .         Gourm    .     (helmet restricted)
rElec  .         Spirit   .     (no cloak)
rCorr  .         Warding  .     (no gloves)
rMut   .         Stasis   .     (no boots)
MR     .....                    (no amulet)
Stlth  +.........               (no ring)
                                (no ring)

@: brilliant, lethally poisoned (-10 -> -21), very slightly contaminated,
hasted, drained, very quick, not resistant to hostile enchantments, very
unstealthy
A: retaliatory headbutt, horns 2, blurry vision 1, dopey 1
a: Renounce Religion


You were on level 4 of the Dungeon.
You worshipped Xom.
You were a very special plaything of Xom.
You were not hungry.

You visited 1 branch of the dungeon, and saw 4 of its levels.

You collected 155 gold pieces.

Inventory:

Hand weapons
 a - a +0 falchion of chaos (weapon)
Missiles
 q - 15 poisoned needles
 r - 5 tomahawks (quivered)
Armour
 b - a +2 leather armour (worn)
Scrolls
 e - a scroll of recharging
 g - 4 scrolls of identify
 h - 3 scrolls of remove curse
 i - a scroll of fog
 k - 2 scrolls of enchant weapon {unknown}
 o - 2 scrolls of teleportation {unknown}
 p - a scroll of immolation {unknown}
 s - a scroll of fear
 t - a scroll of noise {unknown}
Potions
 f - 2 potions of haste
Comestibles
 c - 4 bread rations
 d - a chunk of flesh
 j - a slice of pizza
 m - 2 meat rations


   Skills:
 - Level 4.0(2.9) Fighting
 * Level 7.7(6.5) Long Blades
 - Level 2.4(1.3) Armour
 - Level 1.1(0.0) Dodging


You had 4 spell levels left.
You didn't know any spells.

Dungeon Overview and Level Annotations

Branches:
Dungeon (4/15)
 Temple: D:4-7

Altars:
Ashenzari
Kikubaaqudgha
Nemelex Xobeh
Vehumet
Xom
Zin
The Shining One

Annotations:
D:4 Prince Ribbit


Innate Abilities, Weirdness & Mutations

You reflexively headbutt those who attack you in melee.
You have a pair of horns on your head.
Scrolls take you a little longer to read.
You are dopey. (Int -2)


Message History

Prince Ribbit hits you.
* * * LOW HITPOINT WARNING * * *
The adder bites you.
* * * LOW HITPOINT WARNING * * *
Unknown command.
Drink which item? (? for menu, Esc to quit)
It was a potion of poison.
That liquid tasted very nasty...
You are lethally poisoned!
Xom is highly amused!
* * * LOW HITPOINT WARNING * * *
You feel sick. Prince Ribbit closely misses you. The adder bites you.
* * * LOW HITPOINT WARNING * * *
Drink which item? (? for menu, Esc to quit)
It was a potion of brilliance.
You feel clever all of a sudden.
* * * LOW HITPOINT WARNING * * *
You feel sick. Prince Ribbit hits you!
You die...
Xom snickers!

####
##..)
...#
##..#
#@F.#
#S..#
##)## ...
...(.
.......
.###.####
#. #.#
...


You could see Prince Ribbit and an adder.

Vanquished Creatures
  A hound (D:3)
  Jessica (D:2)
  4 gnolls (D:3)
  8 adders
  2 worms (D:2)
  3 giant geckos (D:2)
  An orc (D:3)
  7 giant cockroaches
  6 hobgoblins
  2 jackals (D:1)
  3 quokkas
  2 ball pythons (D:3)
  7 bats
  8 giant newts
  7 goblins
  6 kobolds
  9 rats
77 creatures vanquished.

Notes
Turn   | Place    | Note
--------------------------------------------------------------
     0 | D:1      | Monkaria, the Minotaur Chaos Knight, began the quest for the Orb.
     0 | D:1      | Reached XP level 1. HP: 19/19 MP: 1/1
    48 | D:1      | XOM: harmless Fire miscast
   134 | D:1      | Reached skill level 4 in Long Blades
   142 | D:1      | XOM: harmless Trmt miscast
   176 | D:1      | Reached XP level 2. HP: 27/27 MP: 1/1
   221 | D:1      | XOM: noise
   350 | D:1      | XOM: confuse monster(s)
   423 | D:1      | XOM: scenery: create altars
   721 | D:2      | XOM: summons 2 friendly demons
   724 | D:1      | Reached skill level 5 in Long Blades
   724 | D:1      | Reached XP level 3. HP: 33/33 MP: 2/2
   870 | D:2      | XOM: harmless Fire miscast
   916 | D:2      | Noticed Jessica
   922 | D:2      | Killed Jessica
   922 | D:2      | Reached XP level 4. HP: 26/40 MP: 2/2
   930 | D:2      | XOM: divination: detect items
  1040 | D:2      | Reached skill level 6 in Long Blades
  1043 | D:2      | XOM: summons 4 friendly demons
  1113 | D:2      | Found an ancient bone altar of Kikubaaqudgha.
  1113 | D:2      | Found a radiant altar of Vehumet.
  1170 | D:2      | XOM: medium Hex miscast
  1357 | D:2      | Reached XP level 5. HP: 46/46 MP: 2/2
  1560 | D:3      | Found a shattered altar of Ashenzari.
  1632 | D:3      | Found a glowing golden altar of the Shining One.
  1690 | D:3      | Found a sparkling altar of Nemelex Xobeh.
  1721 | D:3      | Reached skill level 7 in Long Blades
  1738 | D:3      | XOM: mild Air miscast
  1839 | D:3      | Found a glowing silver altar of Zin.
  1840 | D:3      | Noticed an angel
  2274 | D:4      | Noticed Prince Ribbit
  2298 | D:3      | XOM: give mutations
  2298 | D:3      | Gained mutation: You are dopey. (Int -2) [Xom's mischief]
  2298 | D:3      | Gained mutation: Scrolls take you a little longer to read. [Xom's mischief]
  2298 | D:3      | Gained mutation: You are agile. (Dex +2) [Xom's mischief]
  2298 | D:3      | Lost mutation: You are agile. (Dex +2) [Xom's mischief]
  2335 | D:3      | XOM: draining
  2390 | D:4      | Mangled by Prince Ribbit

Action                   |  1- 3 |  4- 6 || total
-------------------------+-------+-------++-------
Melee: Falchion          |    62 |   110 ||   172
  Use: Scroll            |     5 |     3 ||     8
       Potion            |       |     5 ||     5
  Eat: Chunk             |       |     5 ||     5
